 Dungeon Crawl Stone Soup version 0.32-a0-128-g77eb882913 (webtiles) character file.

Game seed: 7887210606237303871

7041 hikkokomori the Ruffian (level 10, -1/98 HPs)
             Began as a Troll Fighter on Feb 8, 2024.
             Was a Priest of Okawaru.
             Slain by a troll (15 damage)
             ... on level 10 of the Dungeon.
             The game lasted 00:21:29 (8162 turns).

hikkokomori the Ruffian (Troll Fighter)             Turns: 8162, Time: 00:21:29

Health: -1/98      AC:  4    Str: 26    XL:     10   Next: 83%
Magic:  11/11      EV: 12    Int:  4    God:    Okawaru [***...]
Gold:   503        SH: 11    Dex: 19    Spells: 9/9 levels left

rFire   . .          .
                       - Unarmed
rCold   . . .        b - +0 kite shield
rNeg    . . .        (body armour restricted)
rPois   .            M - +1 hat
rElec   .            y - +0 cloak
rCorr   .            (gloves unavailable)
SInv    .            (boots unavailable)
Will    .....        l - amulet of magic regeneration
Stlth   ++           D - +6 ring of dexterity
HPRegen 1.16/turn    P - +4 ring of slaying
MPRegen 0.52/turn

%: no passive effects
@: no status effects
A: large, unfitting armour, claws 3, regeneration 1, shaggy fur 1, tough skin 1
a: Renounce Religion, Heroism


You were on level 10 of the Dungeon.
You worshipped Okawaru.
Okawaru was most pleased with you.
You visited 2 branches of the dungeon, and saw 11 of its levels.

You collected 503 gold pieces.

Inventory:

Missiles
 m - a javelin
 v - 12 poisoned darts (quivered)
 H - 30 stones
 I - 4 large rocks
Armour
 a - a +0 robe
 b - a +0 kite shield (worn)
 y - a +0 cloak (worn)
 M - a +1 hat (worn)
Jewellery
 h - a ring of protection from fire
 l - an amulet of magic regeneration (around neck)
 x - a ring of wizardry
 D - a +6 ring of dexterity (left claw)
 P - a +4 ring of slaying (right claw)
Wands
 n - a wand of roots (19)
 G - a wand of quicksilver (21)
 Q - a wand of polymorph (22)
 T - a wand of digging (6)
Scrolls
 d - 2 scrolls of fog {unknown}
 g - a scroll of poison {unknown}
 i - 2 scrolls of teleportation
 j - 2 scrolls of immolation {unknown}
 o - 4 scrolls of enchant weapon
 r - a scroll of revelation {unknown}
 w - a scroll of noise
 z - 2 scrolls of blinking
 E - 2 scrolls of enchant armour {unknown}
 K - 2 scrolls of torment {unknown}
 L - a scroll of summoning {unknown}
 N - 6 scrolls of vulnerability {unknown}
 O - a scroll of acquirement {unknown}
 R - a scroll of brand weapon {unknown}
Potions
 c - 2 potions of might
 e - 3 potions of resistance {unknown}
 f - 6 potions of mutation {unknown}
 k - 2 potions of brilliance
 p - 3 potions of degeneration {unknown}
 q - 2 potions of lignification
 s - a potion of heal wounds
 t - 2 potions of cancellation {unknown}
 u - 2 potions of enlightenment {unknown}
 A - 2 potions of magic {unknown}
 B - a potion of berserk rage {unknown}
 C - 3 potions of haste {unknown}
 F - 2 potions of curing {unknown}
 J - a potion of attraction {unknown}
 S - a potion of invisibility {unknown}


   Skills:
 - Level 6.0 Fighting
 - Level 7.0 Throwing
 + Level 5.7 Dodging
 - Level 2.0 Stealth
 + Level 6.3 Shields
 - Level 7.0 Unarmed Combat
 - Level 3.0 Invocations
 - Level 4.0 Evocations


You had 9 spell levels left.
You didn't know any spells.
Your spell library contained the following spells:

 Spells                   Type           Power      Damage    Failure   Level
 Magic Dart               Conj           0%         1d3       71%         1
 Blink                    Tloc           0%         N/A       85%         2
 Jinxbite                 Hex            0%         N/A       85%         2
 Gell's Gravitas          Tloc           0%         N/A       97%         3
 Inner Flame              Hex/Fire       0%         N/A       97%         3
 Teleport Other           Tloc           0%         N/A       97%         3
 Flame Wave               Conj/Fire      0%         2d4       100%        4
 Sticky Flame             Fire/Alch      0%         2d4       100%        4
 Yara's Violent Unravell  Hex/Alch       0%         3d3       100%        5
 Conjure Ball Lightning   Conj/Air       0%         3x3d6     100%        6
 Dispersal                Tloc           0%         N/A       100%        6
 Enfeeble                 Hex            0%         N/A       100%        7
 Borgnjor's Revivificati  Necr           0%         N/A       100%        8
 Discord                  Hex            0%         N/A       100%        8
 Disjunction              Tloc           0%         N/A       100%        8
 Death's Door             Necr           0%         N/A       100%        9
 Call Imp                 Summ           Unusable   N/A       N/A         2
 Haunt                    Necr/Summ      Unusable   N/A       N/A         7

Dungeon Overview and Level Annotations

Branches:
Dungeon (10/15)            Temple (1/1) D:5            Lair (0/5) D:10
    Orc: D:9-12

Altars:
Ashenzari
Cheibriados
Dithmenos
Elyvilon
Fedhas
Gozag
Hepliaklqana
Kikubaaqudgha
Makhleb
Nemelex Xobeh
Okawaru
Qazlal
Ru
Sif Muna
Trog
Uskayaw
Vehumet
Wu Jian
Xom
Yredelemnul
Zin
The Shining One

Shops:
D:4 [:   D:5 [   D:9 [(:

Annotations:
D:5 1 exclusion


Innate Abilities, Weirdness & Mutations

You are too large for most types of armour.
You have claws for hands.
Your natural rate of healing is unusually fast.
You are covered in fur. (AC +1)
You have tough skin. (AC +1)


Message History

You open the door.
A troll comes into view.
The troll shouts!
There is an open door here.
You scratch the troll.
The troll is lightly wounded.
You block the troll's attack. x2; The troll claws you!
You scratch the troll but do no damage. The troll bites you!!
You block the troll's attack. x2
You are too injured to fight recklessly!
You are too injured to fight recklessly!
You are too injured to fight recklessly!
You are too injured to fight recklessly!
A troll is nearby!
You closely miss the troll. The troll bites you! You block the troll's attack.
The troll barely misses you.
You completely miss the troll. You block the troll's attack.
The troll claws you. The troll claws you!
You completely miss the troll. The troll bites you.
The troll barely misses you. You block the troll's attack.
You scratch the troll.
The troll is lightly wounded.
The troll bites you! The troll claws you. The troll claws you!
You barely miss the troll.
The troll is lightly wounded.
You block the troll's attack. The troll barely misses you.
You block the troll's attack.
You mangle the troll!!
The troll is heavily wounded.
The troll barely misses you. The troll closely misses you. The troll claws you!
* * * LOW HITPOINT WARNING * * *
Unknown command.
Throw: 5 large rocks
Press: ? - help, Shift-Dir - straight line, f - troll
Aim: a troll (heavily wounded, 69% to hit)
You throw a large rock. The large rock barely misses the troll.
The troll bites you!
* * * LOW HITPOINT WARNING * * *
You block the troll's attack. x2; The troll bites you!
You die...

#.....#
#.......'..#...
#...#.#
#.......#..####
#...#.#
######....####.....#
#.....###
#.........# #.....'
#........
#.##......# #..##.#
#......##
#.##......# #.)##.#
#.#......
#.........# #.....#
#.....##+
#.........# #.....#
#.....# ###@##....#
##+##.. #.....#
#.T.+....# #.#
#.....# +...#....#
#.+ #.....#
#...#....# #.....#
#...# ...# #.###.#
#...# ..# #.....#
#####.(.# #.....#
... ###+#
#....)###.# ..


You could see a troll.

Vanquished Creatures
  A two-headed ogre (D:9)
  Jeremiah (D:8)
  An unseen horror (D:10)
  A hornet (D:10)
  A wraith (D:10)
  11 yaks
  A water moccasin (D:6)
  5 orc warriors
  3 black bears
  2 ogres
  6 centaurs
  A phantom (D:6)
  A bullfrog (D:9)
  A kobold brigand (D:7)
  5 scorpions
  7 killer bees (D:10)
  5 howler monkeys
  5 spriggan skeletons (D:9)
  A troll skeleton (D:9)
  5 bombardier beetles
  7 hounds
  5 orc priests
  A jelly (D:7)
  A gnoll bouda (D:5)
  4 iguanas
  A sleepcap (D:7)
  Ijyb (D:4)
  Terence (D:2)
  10 orc wizards
  Robin (D:4)
  3 gnolls (D:5)
  6 adders
  A shadow imp (D:7)
  4 ufetubi
  4 dart slugs
  6 ribbon worms
  28 orcs
  7 ball pythons
  A bat (D:2)
  5 endoplasms
  17 goblins
  8 hobgoblins
  11 jackals
  11 kobolds
  6 quokkas
  4 frilled lizards
  5 rats
223 creatures vanquished.

Notes
Turn   | Place    | Note
-------+----------+-------------------------------------------
     0 | D:1      | hikkokomori the Troll Fighter began the quest for the Orb.
     0 | D:1      | Reached XP level 1. HP: 22/22 MP: 0/0
   227 | D:1      | Found a faded altar of an unknown god.
   385 | D:1      | Reached XP level 2. HP: 29/29 MP: 1/1
   521 | D:1      | You fall into a shaft and drop 1 floor!
   929 | D:2      | Reached XP level 3. HP: 36/36 MP: 2/2
   964 | D:2      | Reached skill level 1 in Throwing
   990 | D:2      | Reached skill level 1 in Stealth
  1032 | D:2      | Noticed Terence
  1045 | D:2      | Killed Terence
  1096 | D:2      | Reached XP level 4. HP: 44/44 MP: 3/3
  1779 | D:3      | Found a white marble altar of Elyvilon.
  2105 | D:4      | Noticed Robin
  2142 | D:4      | Killed Robin
  2143 | D:4      | Reached XP level 5. HP: 41/50 MP: 4/4
  2313 | D:4      | Noticed Ijyb
  2343 | D:4      | Killed Ijyb
  2356 | D:4      | Found an ancient bone altar of Kikubaaqudgha.
  2420 | D:4      | Reached XP level 6. HP: 26/59 MP: 5/5
  2485 | D:4      | Noticed a yak
  2505 | D:4      | Killed a yak
  2508 | D:4      | Reached skill level 5 in Unarmed Combat
  2508 | D:4      | Reached XP level 7. HP: 63/66 MP: 6/6
  2511 | D:4      | Identified the +0 pair of gloves "Forget-Me-Not" {^Contam
                  | +Inv rElec rC+}
  2583 | D:4      | Found Secroih's Tiny Tomes.
  2679 | D:4      | Found Tessel's Antique Armour Boutique.
  2819 | D:4      | Found a glowing golden altar of the Shining One.
  2998 | D:5      | Entered Level 5 of the Dungeon
  3099 | D:5      | Found Qewiuzuck's Armour Shop.
  3146 | D:5      | Reached skill level 5 in Throwing
  3365 | D:5      | Reached XP level 8. HP: 74/74 MP: 7/7
  3476 | D:5      | Found a staircase to the Ecumenical Temple.
  3510 | Temple   | Entered the Ecumenical Temple
  3697 | D:5      | Found a shimmering blue altar of Sif Muna.
  4072 | D:6      | Reached skill level 1 in Evocations
  4167 | D:6      | Reached XP level 9. HP: 52/87 MP: 8/8
  4233 | D:6      | Reached skill level 5 in Fighting
  4621 | Temple   | Became a worshipper of Warmaster Okawaru
  4749 | D:7      | HP: 3/88 [iguana (7)]
  4814 | D:7      | Reached skill level 1 in Invocations
  5226 | D:7      | Found a snail-covered altar of Cheibriados.
  5497 | D:8      | Reached * piety under Okawaru
  5637 | D:8      | Reached XP level 10. HP: 82/98 MP: 11/11
  5981 | D:8      | Noticed Jeremiah
  5989 | D:8      | Killed Jeremiah
  5989 | D:8      | Reached ** piety under Okawaru
  6284 | D:8      | Found a hazy altar of Hepliaklqana.
  6510 | D:9      | Found Weil's Armour Shop.
  6762 | D:9      | Found a bloodstained altar of Trog.
  6769 | D:9      | Found a glowing silver altar of Zin.
  6773 | D:9      | Found a broken altar of Ashenzari.
  6911 | D:9      | Noticed a two-headed ogre
  6938 | D:9      | Killed a two-headed ogre
  6939 | D:9      | Reached skill level 5 in Shields
  7230 | D:9      | Found Otaakyat's Weapon Shoppe.
  7303 | D:9      | Found Sopnuyde's Book Shop.
  7427 | D:10     | Entered Level 10 of the Dungeon
  7453 | D:10     | Reached skill level 5 in Dodging
  7466 | D:10     | Reached *** piety under Okawaru
  8026 | D:10     | Found a staircase to the Lair.
  8162 | D:10     | Slain by a troll

Illustrated notes

Levels and vault maps discovered:
D:1:      dpeg_arrival_pits, layout_basic, shapermc_ecumenical_altar_flowoftime,
          kennysheep_nondescript, minmay_stone_trees_medium
D:2:      layout_rooms, uniq_terence
D:3:      layout_loops_ring, nicolae_overflow_hidden_temple
D:4:      cheibrodos_barr_body, layout_gridville, tso_oasis_becter,
          mainiacjoe_overflow_alcove_1, serial_shops, shop,
          nicolae_shop_i_like_small_books_too, uniq_robin, uniq_ijyb
D:5:      layout_loops_ring, led_sif_book, temple_green, serial_shops,
          nicolae_shop_hallway_stairs, grunt_ministairs_2,
          nicolae_elevator_lobby_plus
D:6:      layout_gridville, kennysheep_generic_room_7
D:7:      layout_basic, lemuel_doored_altar, st_stairs_1
D:8:      layout_gridville, nicolae_hepliaklqana_hazy_memory, uniq_jeremiah
D:9:      layout_loops_cross, minitemple, serial_shops, shop,
          nicolae_shop_tiny_statue_garden, nicolae_shop_tiny_real_fake_doors,
          amethyst_killhole, hangedman_tell_no_tales
D:10:     layout_stronghold, lair_entry_dummy, kennysheep_generic_room_14
Temple:   nicolae_temple_bog_church

Skill      XL: |  1  2  3  4  5  6  7  8  9 10 |
---------------+-------------------------------+-----
Throwing       | 1 2 4 5 6 7 |  7.0
Stealth        | 1 2 |  2.0
Unarmed Combat | 3 4 5 6 7 |  7.0
Evocations     | 3 4 |  4.0
Fighting       | 4 6 |  6.0
Invocations    | 3 |  3.0
Shields        | 3 6 |  6.3
Dodging        | 3 5 |  5.7

Action                     |  1- 3 |  4- 6 |  7- 9 | 10-12 || total
---------------------------+-------+-------+-------+-------++-------
  Melee: Unarmed           |   114 |   165 |   232 |   159 ||   670
  Throw: Javelin           |     2 |     1 |     4 |     2 ||     9
         Dart              |       |     1 |     7 |    44 ||    52
         Large rock        |       |       |     3 |     4 ||     7
 Invoke: Heroism           |       |       |       |     2 ||     2
  Evoke: Wand              |       |     1 |       |     4 ||     5
    Use: Scroll            |       |     5 |     2 |     1 ||     8
         Potion            |       |     1 |     2 |       ||     3
   Stab: Sleeping          |       |     4 |     5 |       ||     9
 Armour: Robe              |    43 |   115 |    28 |       ||   186
         Skin              |       |       |   125 |   125 ||   250
  Dodge: Dodged            |    22 |    44 |    77 |    63 ||   206
  Block: Kite shield       |    40 |    69 |   127 |    90 ||   326

Table legend: (Time is in decaauts)
 A = Elapsed time spent in this place.
 B = Non-inter-level travel time spent in this place.
 C = Inter-level travel time spent in this place.
 D = Time resting spent in this place.
 E = Time spent auto-exploring this place.
 F = Levels seen in this place.
 G = Mean time per level.
                   A        B        C        D        E       F      G
               +--------+--------+--------+--------+--------+-----+--------+
         Total |   8177 |   7739 |    438 |    164 |   5894 |  11 |  743.4 |
       Dungeon |   8122 |   7737 |    385 |    164 |   5894 |  10 |  812.2 |
        Temple |     55 |      2 |     53 |      0 |      0 |   1 |   55.0 |
               +--------+--------+--------+--------+--------+-----+--------+

Top non-repeatable levels by time:
     D:5: 1063 daAuts
     D:8: 1056 daAuts
     D:9: 925 daAuts
     D:4: 896 daAuts
     D:1: 787 daAuts
     D:3: 770 daAuts
    D:10: 732 daAuts
     D:6: 679 daAuts
     D:7: 649 daAuts
     D:2: 562 daAuts
  Temple: 55 daAuts
